AoeStats
← Rado

Glade

510285481Analyzed
1v1 RM · 1d ago on Sep 30, 2026· 38m 32s· 2 players
Game mode
Random Map
Map size
Tiny (2 player)
Population
200
Speed
Normal
Resources
Standard
Victory
Conquest
Starting age
Dark Age
Ending age
Imperial Age
RankedLock teamsTeams togetherTeam positionsShared explorationLock speedFull tech treeHidden civsTurbo modeCheats
Victory
Defeat
🇸🇰 Persians · Slovakia
1050
+17
🇨🇳 Vikings · China
1067
-17
Rado
6:00 Loom
8:59 Feudal Age
9:47 Double-Bit Axe
18:19 Man-at-Arms
22:18 Arson
25:05 Wheelbarrow
24:15 Town Watch
25:25 Forging
25:07 Fletching
28:04 Castle Age
25:50 Horse Collar
27:02 Scale Barding Armor
27:48 Forging
29:57 Bow Saw
29:51 Heavy Plow
30:24 Husbandry
34:25 Long Swordsman
35:07 Squires
36:06 Scale Mail Armor
36:43 Iron Casting
38:12 Bloodlines
38:26 Chain Mail Armor
38:32 Chain Barding Armor
好歌剧
7:28 Loom
11:42 Feudal Age
22:15 Fletching
25:21 Horse Collar
32:01 Castle Age
29:57 Gold Mining
30:30 Scale Barding Armor
31:27 Forging
31:36 Scale Mail Armor
33:21 Double-Bit Axe
33:38 Heavy Plow
35:37 Bow Saw
36:33 Gold Shaft Mining
Connection lost

Rejoining the realm…

Still unreachable

The connection could not be restored.

Session expired

The server has moved on; the page needs a fresh start.